 Dungeon Crawl Stone Soup version 0.31-a0-37-g98a128e1d9 (webtiles) character file.

Game seed: 14369716227424115877

3247 graymark the Ducker (level 9, -1/84 HPs)
             Began as a Naga Fighter on May 15, 2023.
             Was an Initiate of Makhleb.
             Killed from afar by an acid dragon (22 damage)
             ... with a splash of acid
             ... on level 8 of the Dungeon.
             The game lasted 00:25:17 (8177 turns).

graymark the Ducker (Naga Fighter)                  Turns: 8177, Time: 00:25:17

Health: -1/84      AC:  9    Str: 23    XL:     9   Next: 99%
Magic:  10/10      EV: 11    Int:  8    God:    Makhleb [......]
Gold:   417        SH:  6    Dex: 19    Spells: 8/8 levels left

rFire   + . .        a - +2 war axe (freeze)
rCold   . . .        c - +0 buckler
rNeg    . . .        B - +6 scale mail "Cifomul" {rF+ Dex+2}
rPois   +            v - +2 helmet
rElec   .            y - +0 cloak
rCorr   .            (no gloves)
SInv    +            (no barding)
Will    ++...        (no amulet) Stlth
                     A - ring of willpower
HPRegen 0.34/turn    k - +6 ring of dexterity
MPRegen 0.12/turn

%: no passive effects
@: short of breath, corroded, very slow
A: AC +3, large, see invisible, deformed body, poison resistance, slowness 2,
spit poison 1, naga tail 1
a: Spit Poison, Renounce Religion


You were on level 8 of the Dungeon.
You worshipped Makhleb.
Makhleb was noncommittal.
You visited 2 branches of the dungeon, and saw 9 of its levels.

You collected 417 gold pieces.

Inventory:

Hand Weapons
 a - a +2 war axe of freezing (weapon)
 g - a +0 sling
Missiles
 j - 77 stones
 q - 5 boomerangs (quivered)
 D - a throwing net
Armour
 b - a +1 scale mail
 c - a +0 buckler (worn)
 v - a +2 helmet (worn)
 x - +0 steam dragon scales
 y - a +0 cloak (worn)
 B - the +6 scale mail "Cifomul" (worn) {rF+ Dex+2}
   (You found it on level 7 of the Dungeon)

   Dex:       It affects your dexterity (+2).
   rF:        It protects you from fire.
Jewellery
 f - a ring of magical power
 k - a +6 ring of dexterity (right hand)
 o - a ring of flight
 r - a ring of ice
 A - a ring of willpower (left hand)
Wands
 i - a wand of light (9)
 z - a wand of mindburst (19)
Scrolls
 e - a scroll of silence
 l - 3 scrolls of teleportation
 s - 5 scrolls of vulnerability
 C - a scroll of amnesia
Potions
 d - 2 potions of might
 h - 5 potions of curing
 m - 2 potions of magic
 n - a potion of attraction {unknown}
 w - a potion of mutation {unknown}


   Skills:
 + Level 6.3 Fighting
 + Level 6.0 Axes
 + Level 5.3 Armour
 * Level 6.7 Dodging
 - Level 5.0 Shields
 + Level 1.6 Invocations


You had 8 spell levels left.
You didn't know any spells.
Your spell library contained the following spells:

 Spells                   Type           Power      Damage    Failure   Level
 Foxfire                  Conj/Fire      0%         2x1d4     77%         1
 Arcjolt                  Conj/Air       0%         1d10      100%        5
 Starburst                Conj/Fire      0%         6d3       100%        6
 Lehudib's Crystal Spear  Conj/Erth      0%         10d2      100%        8


Dungeon Overview and Level Annotations

Branches:
Dungeon (8/15)             Temple (1/1) D:7
   Lair: D:8-11

Altars:
Cheibriados
Dithmenos
Elyvilon
Fedhas
Gozag
Hepliaklqana
Makhleb
Nemelex Xobeh
Okawaru
Qazlal
Ru
Sif Muna
Uskayaw
Vehumet
Wu Jian
Xom
Yredelemnul
Zin

Annotations:
D:2 exclusion: downstairs
D:6 3 runed translucent doors, furman's ghost, novice GrBe
D:7 1 runed translucent door


Innate Abilities, Weirdness & Mutations

Your serpentine skin is tough. (AC +3)
You have supernaturally acute eyesight. (SInv)
Armour fits poorly on your strangely shaped body.
Your system is resistant to poisons. (rPois)
You cover ground very slowly.
You can spit poison.
You have a snake-like lower body.


Message History

The acid dragon is moderately wounded.
The acid dragon looks more healthy.
The acid dragon bites you. The acid dragon claws you.
You hit the acid dragon but do no damage.
The acid dragon is moderately wounded.
The acid dragon closely misses you. The acid dragon barely misses you.
The acid dragon bites you! The acid dragon barely misses you.
You hit the acid dragon. You freeze the acid dragon.
The acid dragon is moderately wounded.
The acid dragon bites you!
The acid dragon claws you but does no damage.
You feel better. The acid dragon spits acid at you.
The splash of acid hits you!!
* * * LOW HITPOINT WARNING * * *
You feel much better. The acid dragon bites you.
The acid dragon barely misses you.
Aiming: Spit Poison (1% risk of failure)
Press: ? - help, Shift-Dir - straight line, f/p - acid dragon
Aim: an acid dragon (moderately wounded, 64% to hit)
The splash of poison hits the acid dragon.
The acid dragon is heavily wounded.
The acid dragon bites you but does no damage.
The acid dragon claws you but does no damage.
You hit the acid dragon. You freeze the acid dragon.
The acid dragon is heavily wounded.
The acid dragon spits acid at you. The splash of acid hits you!!
* * * LOW HITPOINT WARNING * * *
You feel much better. The acid dragon bites you!
* * * LOW HITPOINT WARNING * * *
The acid dragon closely misses you.
You slash the acid dragon! You freeze the acid dragon.
The acid dragon is almost dead.
The acid dragon barely misses you. You block the acid dragon's attack.
You closely miss the acid dragon.
The acid dragon is almost dead.
The acid dragon spits acid at you. The splash of acid hits you!!
You die...

#...###..........
#..))).....>..#
#...#.##......# #
##...#.#.......### #.
#....#.#.......... #..
#..###.#.<........ ....
#..###.#..........
#..#+#...##'#..........
#....†@..#............#
#....D...#............#
#?.......#............#
#........#............#
#.......(#............#
##...#...#............#
#...#...#............#
$...#...########+#####
..... ....


You could see an acid dragon (catching breath).

Vanquished Creatures
  Grinder (D:6)
  Sigmund (D:3)
  A wyvern (D:6)
  A steam dragon (D:6)
  A water moccasin (D:6)
  2 orc warriors
  2 ice beasts (D:6)
  4 sky beasts
  A black bear (D:6)
  2 ogres
  3 kobold brigands
  3 scorpions
  2 bullfrogs (D:7)
  6 killer bees (D:8)
  A howler monkey (D:4)
  A jelly (D:3)
  An orc priest (D:6)
  2 hounds
  6 iguanas
  Jessica (D:3)
  A human skeleton (D:7)
  5 orc wizards
  11 adders
  3 gnolls (D:5)
  A white imp (D:6)
  An ufetubus (D:6)
  A worm (D:4)
  2 dart slugs
  25 orcs
  10 ball pythons
  3 endoplasms
  3 giant cockroaches
  4 goblins
  7 hobgoblins
  4 jackals (D:2)
  20 kobolds
  2 quokkas
  2 bats
  5 frilled lizards
  A jackal zombie (D:7)
  5 rats
158 creatures vanquished.

Notes
Turn   | Place    | Note
-------+----------+-------------------------------------------
     0 | D:1      | graymark the Naga Fighter began the quest for the Orb.
     0 | D:1      | Reached XP level 1. HP: 21/21 MP: 1/1
   211 | D:1      | Found a faded altar of an unknown god.
   224 | D:1      | Reached XP level 2. HP: 12/28 MP: 2/2
   938 | D:2      | Reached skill level 1 in Dodging
   966 | D:2      | Reached XP level 3. HP: 34/34 MP: 3/3
  1130 | D:2      | Got the Treatise on Lethal Astrapomancy
  1337 | D:2      | Reached XP level 4. HP: 32/42 MP: 4/4
  1815 | D:3      | Noticed Sigmund
  1819 | D:3      | Noticed Jessica
  2037 | D:3      | Killed Jessica
  2038 | D:3      | Reached XP level 5. HP: 22/49 MP: 5/5
  2376 | D:3      | Killed Sigmund
  2377 | D:3      | Reached XP level 6. HP: 39/57 MP: 6/6
  2560 | D:3      | Found a stormy altar of Qazlal.
  3394 | D:4      | Reached XP level 7. HP: 64/64 MP: 7/7
  4136 | D:5      | Entered Level 5 of the Dungeon
  4823 | D:5      | Reached XP level 8. HP: 56/73 MP: 8/8
  5115 | D:5      | Found an ornate altar of the Wu Jian Council.
  5660 | D:6      | Noticed Grinder
  5673 | D:6      | Killed Grinder
  5757 | D:6      | Reached skill level 5 in Fighting
  5982 | D:6      | Reached skill level 5 in Dodging
  6174 | D:6      | Found a white marble altar of Elyvilon.
  6191 | D:6      | Noticed a wyvern
  6198 | D:6      | Killed a wyvern
  6199 | D:6      | Reached skill level 5 in Axes
  6199 | D:6      | Reached XP level 9. HP: 69/81 MP: 9/9
  6301 | D:6      | Reached skill level 5 in Shields
  6682 | D:6      | Noticed furman's ghost (novice GrBe)
  6683 | D:6      | Found a runed translucent gate.
  6683 | D:6      | Found a runed translucent gate.
  6685 | D:6      | Found a runed translucent gate.
  7098 | D:7      | Reached skill level 5 in Armour
  7151 | D:7      | Found a runed translucent door.
  7152 | D:7      | Found a basalt altar of Yredelemnul.
  7174 | D:7      | Identified the +6 scale mail "Cifomul" {rF+ Dex+2}
  7431 | D:7      | Found a staircase to the Ecumenical Temple.
  7440 | Temple   | Entered the Ecumenical Temple
  7642 | Temple   | Became a worshipper of Makhleb the Destroyer
  8140 | D:8      | Reached skill level 1 in Invocations
  8177 | D:8      | Killed from afar by an acid dragon

Illustrated notes

Levels and vault maps discovered:
D:1:      evilmike_arrival_fibonacci_small, layout_basic,
          dreamdust_ecumenical_altar_statues
D:2:      layout_loops_ring, minmay_pentomino_o2
D:3:      layout_basic, lemuel_coloured_pillars_altar, uniq_jessica,
          uniq_sigmund
D:4:      layout_basic, serial_rivers, chequers_serial_rivers_small_3,
          chequers_serial_rivers_room_a, chequers_serial_rivers_small_b,
          chequers_serial_rivers_micro_c, chequers_serial_rivers_micro_c,
          nicolae_elevator_lobby_asterisk
D:5:      layout_layer_cave, nzn_wu_jian_council_hall
D:6:      layout_basic, elyvilon_altar_5, biasface_ghost_orc_armoury,
          minmay_misc_feat_columns, uniq_grinder
D:7:      layout_rooms, dk_yredelemnul_ordeal, lemuel_temple_firewalk_b
D:8:      layout_basic, mainiacjoe_overflow_surrounded_room
Temple:   eino_temple_water

Skill      XL: |  1  2  3  4  5  6  7  8  9 |
---------------+----------------------------+-----
Dodging        | 1 2 3 4 5 6 |  6.7
Shields        | 3 4 5 |  5.0
Axes           | 3 4 5 6 |  6.0
Armour         | 3 4 5 |  5.3
Fighting       | 4 5 6 |  6.3
Invocations    | 1 |  1.6

Action                     |  1- 3 |  4- 6 |  7- 9 || total
---------------------------+-------+-------+-------++-------
  Melee: War axe           |   100 |   123 |   305 ||   528
  Throw: Boomerang         |       |       |     2 ||     2
Ability: Spit Poison       |     1 |     8 |    26 ||    35
  Evoke: Wand              |       |       |     1 ||     1
    Use: Scroll            |     2 |     7 |    10 ||    19
         Potion            |       |     1 |     5 ||     6
 Armour: Scale mail        |    44 |    51 |   145 ||   240
         Skin              |       |       |     5 ||     5
  Dodge: Dodged            |    38 |    50 |   199 ||   287
  Block: Buckler           |    23 |    22 |    91 ||   136

Table legend: (Time is in decaauts)
 A = Elapsed time spent in this place.
 B = Non-inter-level travel time spent in this place.
 C = Inter-level travel time spent in this place.
 D = Time resting spent in this place.
 E = Time spent auto-exploring this place.
 F = Levels seen in this place.
 G = Mean time per level.
                   A        B        C        D        E       F      G
               +--------+--------+--------+--------+--------+-----+--------+
         Total |  10516 |  10080 |    436 |   1748 |   6307 |   9 | 1168.4 |
       Dungeon |  10213 |   9828 |    385 |   1748 |   6075 |   8 | 1276.6 |
        Temple |    302 |    251 |     51 |      0 |    232 |   1 |  302.0 |
               +--------+--------+--------+--------+--------+-----+--------+

Top non-repeatable levels by time:
     D:5: 1818 daAuts
     D:6: 1751 daAuts
     D:4: 1640 daAuts
     D:2: 1308 daAuts
     D:1: 1237 daAuts
     D:3: 1204 daAuts
     D:7: 1148 daAuts
  Temple: 302 daAuts
     D:8: 104 daAuts
